 Dungeon Crawl Stone Soup version 0.28.0-53-g5a82cb258f (webtiles) character file.

Game seed: 1607413949493059252

200 karrick the Cudgeller (level 5, 0/32 HPs)
             Began as a Gargoyle Gladiator on Aug 10, 2022.
             Slain by an iguana (7 damage)
             ... on level 4 of the Dungeon.
             The game lasted 00:06:01 (3660 turns).

karrick the Cudgeller (Gargoyle Gladiator)          Turns: 3660, Time: 00:06:01

Health: 0/32       AC: 11    Str: 17    XL:     5   Next: 78%
Magic:  5/5        EV: 11    Int:  9    God:
Gold:   199        SH:  0    Dex: 13    Spells: 4/4 levels left

rFire   . . .      SeeInvis .   a - +0 flail
rCold   . . .      Faith    .   (no shield)
rNeg    + . .      Spirit   .   r - +0 ring mail "Naur" {Rampage}
rPois   ∞          Reflect  .   c - +0 helmet
rElec   +          Harm     .   (no cloak)
rCorr   .          Rampage  +   (no gloves)
Will    .....                   s - +0 pair of boots
Stlth   +.........              o - amulet of magic regeneration
HPRegen 0.10/turn               p - ring of flight
MPRegen 0.49/turn               (no ring)

@: flying
A: sickness immunity, AC +4, negative energy resistance 1, electricity
resistance, torment resistance 1, petrification resistance
a: no special abilities


You were on level 4 of the Dungeon.
You visited 1 branch of the dungeon, and saw 4 of its levels.

You collected 199 gold pieces.

Inventory:

Hand Weapons
 a - a +0 flail (weapon)
Missiles
 d - 4 throwing nets (quivered)
Armour
 b - a +0 leather armour
 c - a +0 helmet (worn)
 r - the +0 ring mail "Naur" (worn) {Rampage}
   (You found it on level 3 of the Dungeon)

   Rampage:   It bestows one free step when moving towards enemies.
 s - a +0 pair of boots (worn)
Jewellery
 o - an amulet of magic regeneration (around neck)
 p - a ring of flight (left hand)
Wands
 j - a wand of acid (11)
 l - a wand of polymorph (2)
Scrolls
 f - a scroll of fog {unknown}
 g - 3 scrolls of identify {unknown}
 i - a scroll of torment {unknown}
 m - 2 scrolls of teleportation {unknown}
 t - a scroll of enchant armour {unknown}
Potions
 e - a potion of might {unknown}
 h - a potion of lignification {unknown}
 k - a potion of flight {unknown}
 n - a potion of curing {unknown}
 q - a potion of attraction {unknown}
 u - a potion of cancellation {unknown}


   Skills:
 + Level 3.0 Fighting
 + Level 4.7 Maces & Flails
 - Level 1.7 Throwing
 + Level 2.7 Armour
 + Level 2.9 Dodging
 + Level 0.4 Stealth


You had 4 spell levels left.
You didn't know any spells.
Your spell library contained the following spells:

 Spells                   Type           Power      Damage    Failure   Level
 Static Discharge         Conj/Air       0%         N/A       73%         2
 Ignite Poison            Fire/Tmut/Pois 0%         N/A       91%         3
 Mephitic Cloud           Conj/Pois/Air  0%         N/A       91%         3
 Freezing Cloud           Conj/Ice/Air   0%         6-21      100%        5
 Lightning Bolt           Conj/Air       0%         1d11      100%        5
 Maxwell's Capacitive Co  Air            0%         ∞         100%        8


Dungeon Overview and Level Annotations

Branches:
Dungeon (4/15)
 Temple: D:4-7

Altars:

Shops:
D:3 [(:(:


Innate Abilities, Weirdness & Mutations

You are immune to sickness and miasma.
Your stone body is resilient. (AC +4)
You are immune to poison.
You resist negative energy. (rN+)
You are resistant to electric shocks. (rElec)
You are resistant to unholy torment.
You are immune to petrification.


Message History

No target in view!
No target in view!
No target in view!
No target in view!
No target in view!
Found a cloak.
As you open the door, it creaks loudly!
You hear an angry hiss.
An iguana comes into view.
The iguana hisses angrily.
You hear an angry hiss.
A ball python comes into view.
Found 17 gold pieces.
Found a glowing dagger.
The iguana bites you!
You barely miss the iguana. The iguana barely misses you.
The iguana completely misses you.
You closely miss the iguana.
The ball python bites you but does no damage.
The ball python barely misses you. The iguana misses you.
You barely miss the iguana. The ball python barely misses you.
The ball python grabs you. The ball python constricts you.
The iguana closely misses you.
The ball python bites you but does no damage.
The ball python constricts you.
You sock the ball python!
You kill the ball python!
The iguana bites you!
You are too injured to fight recklessly!
You are too injured to fight recklessly!
You closely miss the iguana. The iguana bites you.
You hit the iguana but do no damage. The iguana barely misses you.
You sock the iguana!
The iguana is moderately wounded.
The iguana bites you but does no damage. x2
You hit the iguana.
The iguana is heavily wounded.
The iguana bites you.
* * * LOW HITPOINT WARNING * * *
You closely miss the iguana.
The iguana is heavily wounded.
The iguana bites you!
You die...

...##........##
....#..........
..............
.$..........#
......[.....#
#..........#
..##..l.....#
)......@....#
........#...#
..#.#...##..#
#.#..###..####...
... .....###.'......
....#.#..#...####...
.. ...#.#....#.#
.... #.#......#.#
....##....#.#...#


You could see an iguana.

Vanquished Creatures
  A hound (D:4)
  An iguana (D:3)
  A gnoll (D:2)
  6 adders
  4 worms
  5 ball pythons
  2 endoplasms
  4 giant cockroaches
  12 goblins
  11 hobgoblins
  A jackal (D:2)
  5 kobolds
  A quokka (D:1)
  3 bats
  6 frilled lizards
  5 rats
68 creatures vanquished.

Notes
Turn   | Place    | Note
-------+----------+-------------------------------------------
     0 | D:1      | karrick the Gargoyle Gladiator began the quest for the Orb.
     0 | D:1      | Reached XP level 1. HP: 12/12 MP: 1/1
   104 | D:1      | Reached XP level 2. HP: 18/18 MP: 2/2
   928 | D:2      | Reached XP level 3. HP: 15/22 MP: 3/3
  1048 | D:2      | Reached skill level 1 in Armour
  1333 | D:2      | Reached XP level 4. HP: 11/27 MP: 4/4
  2171 | D:3      | Found Jexaoti's Book Emporium.
  2178 | D:3      | Found Ogren's Antique Weapon Shop.
  2281 | D:3      | Reached skill level 4 in Maces & Flails
  2311 | D:3      | Found Taceff's Weapon Shoppe.
  2445 | D:3      | Found Peshoal's Armour Shop.
  2476 | D:3      | Identified the +0 ring mail "Naur" {Rampage}
  2485 | D:3      | Noticed an ice beast
  2773 | D:3      | Reached XP level 5. HP: 28/31 MP: 5/5
  2808 | D:3      | Found Rommuat's Book Shoppe.
  3054 | D:3      | Found a faded altar of an unknown god.
  3660 | D:4      | Slain by an iguana

Illustrated notes

Levels and vault maps discovered:
D:1:      giann_bridges, layout_basic, minmay_misc_feat_nine_boxes,
          serial_bayou_lagoon_b
D:2:      layout_basic, minmay_split_cup_small
D:3:      cheibrodos_greedy_goblins, layout_loops_corners, serial_shops,
          nicolae_shop_temple_entry_statues_fountains, nicolae_shop_crystal,
          shop, nicolae_shop_hallway_stairs, shop, basic_ecumenical_altar,
          minmay_statues_item, st_stairs_12, minmay_distorted
D:4:      layout_cave_pools, mainiacjoe_overflow_24_doors,
          mainiacjoe_overflow_two_lobes, minmay_temple_entry_arrows,
          serial_shops, shop, minmay_pentangle

Skill      XL: |  1  2  3  4  5 |
---------------+----------------+-----
Armour         | 1 2 |  2.7
Maces & Flails | 4 |  4.7
Fighting       | 3 |  3.0
Throwing       | |  1.7
Dodging        | |  2.9
Stealth        | |  0.4

Action                   |  1- 3 |  4- 6 || total
-------------------------+-------+-------++-------
Melee: Flail             |    98 |   156 ||   254
       Punch             |     2 |     2 ||     4
 Stab: Sleeping          |       |     1 ||     1
Armor: Leather armour    |    30 |    28 ||    58
       Ring mail         |       |    36 ||    36
Dodge: Dodged            |    67 |   122 ||   189
